 Dungeon Crawl Stone Soup version 0.31-a0-229-g1fc7ce93e2 (webtiles) character file.

Game seed: 7365901342270068292

860 qw the Shooter (level 8, -6/48 HPs)
             Began as a Gargoyle Hexslinger on July 6, 2023.
             Mangled by an ogre
             ... wielding a +0 giant club
              (20 damage)
             ... on level 5 of the Dungeon.
             The game lasted 00:01:41 (3712 turns).

qw the Shooter (Gargoyle Hexslinger)                Turns: 3712, Time: 00:01:42

Health: -6/48      AC: 14    Str: 11    XL:     8   Next: 2%
Magic:  9/9        EV: 10    Int: 15    God:
Gold:   248        SH:  0    Dex: 18    Spells: 8/9 levels left

rFire   + + .        Y - +2 shortbow (flame)
rCold   . . .        (shield currently unavailable)
rNeg    + . .        e - +0 ring mail
rPois   inf          (no helmet)
rElec   +            (no cloak)
rCorr   .            f - +3 pair of gloves of the Arcane {rF++ Dex+4}
SInv    .            (no boots)
Will    .....        (no amulet)
Stlth   +            (no ring)
HPRegen 0.28/turn    (no ring)
MPRegen 0.11/turn

%: no passive effects
@: no status effects
A: sickness immunity, AC +5, negative energy resistance 1, electricity
resistance, torment resistance 1, petrification resistance
a: no special abilities


You were on level 5 of the Dungeon.
You visited 2 branches of the dungeon, and saw 6 of its levels.

You collected 248 gold pieces.


Innate Abilities, Weirdness & Mutations

You are immune to sickness and miasma.
Your stone body is resilient. (AC +5)
You are immune to poison.
You resist negative energy. (rN+)
You are resistant to electric shocks. (rElec)
You are resistant to unholy torment.
You are immune to petrification.


   Skills:
 - Level 4.6 Fighting
 + Level 7.8 Ranged Weapons
 - Level 1.0 Armour
 - Level 1.5 Dodging
 - Level 1.0 Spellcasting
 - Level 2.6 Hexes


You had 8 spell levels left.
You knew the following spells:

 Your Spells              Type           Power      Damage    Failure   Level
a - Slow                  Hex            32%        N/A       19%         1

Your spell library contained the following spells:

 Spells                   Type           Power      Damage    Failure   Level
 Inner Flame              Hex/Fire       4%         N/A       69%         3
 Portal Projectile        Hex/Tloc       8%         N/A       69%         3
 Cause Fear               Hex            4%         N/A       88%         4

Inventory:

Hand Weapons
 Y - a +2 shortbow of flaming (weapon)
Armour
 e - a +0 ring mail (worn)
 f - the +3 pair of gloves of the Arcane (worn) {rF++ Dex+4}
   (You found it on level 3 of the Dungeon)

   Dex:       It affects your dexterity (+4).
   rF:        It greatly protects you from fire.
Scrolls
 a - 2 scrolls of identify
 b - a scroll of revelation {unknown}
Potions
 c - a potion of heal wounds
 g - 2 potions of might
 m - 3 potions of enlightenment

Dungeon Overview and Level Annotations

Branches:
Dungeon (5/15)             Temple (1/1) D:5

Altars:
Ashenzari
Cheibriados
Dithmenos
Elyvilon
Fedhas
Hepliaklqana
Kikubaaqudgha
Makhleb
Nemelex Xobeh
Qazlal
Ru
Sif Muna
Trog
Uskayaw
Vehumet
Wu Jian
Yredelemnul
The Shining One


Message History

The centaur is severely wounded.
The centaur unwields a +0 orcbow.
The centaur barely misses you. The centaur closely misses you.
You shoot an arrow. The arrow hits the centaur.
The arrow burns the centaur.
The centaur is almost dead.
The centaur hits you but does no damage.
The centaur barely misses you.
The centaur hits you but does no damage.
The centaur kicks you but does no damage.
You shoot an arrow. The arrow barely misses the centaur.
The arrow barely misses the orc.
The centaur completely misses you. The centaur barely misses you.
You shoot an arrow. The arrow hits the centaur!
The arrow burns the centaur.
You kill the centaur!
The orc priest miscasts a cantrip.
You shoot an arrow. The arrow hits the orc.
The arrow burns the orc.
You kill the orc!
You shoot an arrow. The arrow hits the orc priest!
The arrow burns the orc priest.
The orc priest is severely wounded.
The orc priest hits you but does no damage.
You shoot an arrow. The arrow hits the orc priest.
The arrow burns the orc priest.
You kill the orc priest!
The ogre hits you with a +0 giant club!!
Ouch! That really hurt!
You have reached level 8!
You feel clever.
You shoot an arrow. The arrow hits the ogre!
The arrow burns the ogre.
The ogre is moderately wounded.
You shoot an arrow. The arrow hits the ogre.
The arrow burns the ogre.
The ogre is heavily wounded.
The ogre hits you with a +0 giant club!
You shoot an arrow.
The arrow hits the ogre but does no damage.
The ogre is heavily wounded.
The ogre misses you.
You shoot an arrow. The arrow hits the ogre!
The arrow burns the ogre.
The ogre is almost dead.
The ogre hits you with a +0 giant club!!
You die...

#.# #.# #
#.# #.# #
#.#
#.#####
#.#
#......
##.#
#######
####..#
#....##
#.####
#@# #O#
#........
#........
##..)....
#.)..oo
#..)..
##... ##.


You could see an ogre.

Vanquished Creatures
  Grinder (D:3)
  A black bear (D:5)
  An ogre (D:5)
  A centaur (D:5)
  A jelly (D:4)
  4 hounds (D:5)
  2 orc priests
  An orc wizard (D:5)
  Ijyb (D:3)
  5 adders
  An ufetubus (D:5)
  2 worms
  A dart slug (D:3)
  8 orcs
  6 endoplasms
  4 giant cockroaches
  7 goblins
  8 hobgoblins
  7 jackals (D:1)
  10 kobolds
  2 quokkas
  3 ball pythons (D:3)
  9 bats
  2 frilled lizards
  6 rats
94 creatures vanquished.

Notes
Turn   | Place    | Note
-------+----------+-------------------------------------------
     0 | D:1      | qw the Gargoyle Hexslinger began the quest for the Orb.
     0 | D:1      | Reached XP level 1. HP: 12/12 MP: 2/2
     0 | D:1      | 0 ||| qw: Version: 0.3-a-46-gb1f654a
     0 | D:1      | 0 ||| qw: Game counter: 1190
     0 | D:1      | 0 ||| qw: Melee chars always use a shield: true
     0 | D:1      | 0 ||| qw: God list: Okawaru
     0 | D:1      | 0 ||| qw: Allow faded altars: false
     0 | D:1      | 0 ||| qw: Do Orc after clearing Dungeon:15 true
     0 | D:1      | 0 ||| qw: Do second Lair branch before Depths: true
     0 | D:1      | 0 ||| qw: Lair rune preference: random
     0 | D:1      | 0 ||| qw: Goals: Normal
     0 | D:1      | 0 ||| PLANNING D:1-11
   121 | D:1      | Reached XP level 2. HP: 16/16 MP: 3/3
   171 | D:1      | Reached skill level 3 in Ranged Weapons
   179 | D:1      | 179 ||| FLEEEEING.
   180 | D:1      | 180 ||| FLEEEEING.
   181 | D:1      | 181 ||| FLEEEEING.
   182 | D:1      | 182 ||| FLEEEEING.
   183 | D:1      | 183 ||| FLEEEEING.
   184 | D:1      | 184 ||| FLEEEEING.
   185 | D:1      | 185 ||| FLEEEEING.
   186 | D:1      | 186 ||| FLEEEEING.
   187 | D:1      | 187 ||| FLEEEEING.
   272 | D:1      | Reached XP level 3. HP: 20/21 MP: 4/4
   667 | D:1      | 667 ||| UPGRADING to +0 ring mail.
   677 | D:1      | 677 ||| DROPPING +0 robe.
   678 | D:1      | 678 ||| READING scroll labelled UKOUXUA OSIXT.
   679 | D:1      | 679 ||| READING scroll labelled UVE UTUORPH.
   693 | D:1      | 693 ||| READING scroll labelled BAYPLI ZENIN.
   694 | D:1      | 694 ||| READING scroll labelled BOLOMMIREK.
   695 | D:1      | 695 ||| DRINKING 2 golden potions.
   696 | D:1      | 696 ||| DRINKING 2 ruby potions.
   697 | D:1      | 697 ||| DROPPING scroll of poison.
   698 | D:1      | 698 ||| DROPPING potion of brilliance.
   913 | D:2      | Found a shadowy altar of Dithmenos.
  1077 | D:2      | Reached XP level 4. HP: 23/26 MP: 5/5
  1193 | D:2      | Reached skill level 4 in Ranged Weapons
  1335 | D:2      | Reached skill level 1 in Armour
  1489 | D:2      | 1489 ||| UPGRADING to +2 pair of gloves.
  1494 | D:2      | 1494 ||| READING 4 scrolls labelled ZYPROE CAMIATS.
  1495 | D:2      | 1495 ||| READING scroll labelled FAUMUOST ZEMNO.
  1496 | D:2      | 1496 ||| READING scroll labelled YRUVOGYOPE.
  1497 | D:2      | 1497 ||| DRINKING 2 amethyst potions.
  1498 | D:2      | 1498 ||| READING 3 scrolls of identify.
  1498 | D:2      | 1498 ||| IDENTIFYING inky potion
  1499 | D:2      | 1499 ||| READING 2 scrolls of identify.
  1499 | D:2      | 1499 ||| IDENTIFYING cyan potion
  1500 | D:2      | 1500 ||| DROPPING potion of berserk rage.
  1501 | D:2      | 1501 ||| DROPPING potion of magic.
  1641 | D:3      | Found a bloodstained altar of Trog.
  1649 | D:3      | Found a sparkling altar of Nemelex Xobeh.
  1655 | D:3      | Found a hide-covered altar of Uskayaw.
  1661 | D:3      | Found a blossoming altar of Fedhas.
  1667 | D:3      | Found a radiant altar of Vehumet.
  1671 | D:3      | Found a broken altar of Ashenzari.
  1683 | D:3      | Found a burning altar of Makhleb.
  1771 | D:3      | Identified the +3 pair of gloves of the Arcane {rF++ Dex+4}
  1874 | D:3      | Noticed Grinder
  1892 | D:3      | Paralysed by Grinder for 4 turns
  1912 | D:3      | Killed Grinder
  1913 | D:3      | Reached skill level 6 in Ranged Weapons
  1913 | D:3      | Reached XP level 5. HP: 8/30 MP: 6/6
  1913 | D:3      | Reached XP level 6. HP: 10/35 MP: 7/7
  2111 | D:3      | Noticed Ijyb
  2123 | D:3      | Paralysed by Ijyb for 4 turns
  2138 | D:3      | Paralysed by Ijyb for 5 turns
  2151 | D:3      | Killed Ijyb
  2370 | D:3      | 2370 ||| UPGRADING to +3 pair of gloves of the Arcane {rF++
                  | Dex+4}.
  2380 | D:3      | 2380 ||| DROPPING +2 pair of gloves.
  2381 | D:3      | 2381 ||| DROPPING ring of flight.
  2382 | D:3      | 2382 ||| READING scroll labelled LUXAIL GATHYM.
  2382 | D:3      | Identified a scroll of acquirement
  2382 | D:3      | 2382 ||| ACQUIRING +2 shortbow of flaming
  2382 | D:3      | Acquired a +2 shortbow of flaming
  2384 | D:3      | 2384 ||| SWAPPING to +2 shortbow of flaming.
  2385 | D:3      | 2385 ||| DROPPING +2 sling.
  2408 | D:4      | Reached skill level 3 in Fighting
  2575 | D:4      | Found a hazy altar of Hepliaklqana.
  2575 | D:4      | Found a snail-covered altar of Cheibriados.
  2576 | D:4      | Found a white marble altar of Elyvilon.
  2905 | D:4      | Found a stormy altar of Qazlal.
  3025 | D:4      | 3025 ||| READING scroll labelled YHOIFOY NOCEO.
  3026 | D:4      | 3026 ||| READING scroll labelled ZERYIS QOQY.
  3029 | D:4      | 3029 ||| DRINKING 2 fizzy pink potions.
  3034 | D:4      | 3034 ||| DROPPING potion of ambrosia.
  3079 | D:5      | Entered Level 5 of the Dungeon
  3104 | D:5      | Reached XP level 7. HP: 42/42 MP: 8/8
  3174 | D:5      | 3174 ||| FLEEEEING.
  3209 | D:5      | Found a staircase to the Ecumenical Temple.
  3210 | D:5      | 3210 ||| PLANNING TEMPLE
  3210 | D:5      | 3210 ||| READING 3 scrolls of identify.
  3210 | D:5      | 3210 ||| IDENTIFYING brown potion
  3211 | D:5      | 3211 ||| DROPPING potion of invisibility.
  3220 | Temple   | Entered the Ecumenical Temple
  3363 | Temple   | 3363 ||| PLANNING D:1-11
  3524 | D:5      | Reached skill level 7 in Ranged Weapons
  3595 | D:5      | Found a shimmering blue altar of Sif Muna.
  3695 | D:5      | 3695 ||| Stepping ~*~*~tactically~*~*~ (outnumbered).
  3697 | D:5      | HP: 11/44 [centaur/arrow (3)]
  3698 | D:5      | 3698 ||| DRINKING 2 potions of heal wounds.
  3709 | D:5      | Reached XP level 8. HP: 19/48 MP: 9/9
  3712 | D:5      | Mangled by an ogre

Levels and vault maps discovered:
D:1:      sevenhm_arrival_forest_fort_small_6, layout_loops_ring
D:2:      layout_loops_ring, basic_altar
D:3:      layout_basic, grunt_temple_overflow_octagram,
          kennysheep_generic_room_7, uniq_ijyb, uniq_grinder
D:4:      layout_basic, nicolae_overflow_quartered_altars
D:5:      kennysheep_spiral_hall, layout_basic, kennysheep_orc_sif_temple,
          minmay_temple_entry_ruins, hangedman_abyss_or_decor_stabs
Temple:   hellmonk_temple_flake

Skill      XL: |  1  2  3  4  5  6  7 |
---------------+----------------------+-----
Ranged Weapons | 3 6 7 |  7.8
Fighting       | 2 3 4 |  4.6
Armour         | 1 |  1.0
Dodging        | |  1.5
Spellcasting   | |  1.0
Hexes          | |  2.6

Action                     |  1- 3 |  4- 6 |  7- 9 || total
---------------------------+-------+-------+-------++-------
   Fire: Sling             |   146 |   162 |       ||   308
         Shortbow          |       |    32 |    52 ||    84
    Use: Scroll            |     4 |     8 |     1 ||    13
         Potion            |     2 |     2 |     1 ||     5
 Armour: Robe              |    20 |       |       ||    20
         Ring mail         |    18 |    51 |    13 ||    82
  Dodge: Dodged            |    59 |    54 |    18 ||   131

Table legend:
 A = Non-vault XP
 B = Vault XP
 C = Vault XP percentage of total XP
 D = Non-vault monster count
 E = Vault monster count
 F = Vault count percentage of total count
                 A         B        C        D         E       F
            +---------+---------+-------+---------+---------+-------
      Total |     857 |     372 |  30.3 |      88 |       6 |   6.4
            +---------+---------+-------+---------+---------+-------
        D:1 |      52 |       0 |   0.0 |      30 |       0 |   0.0
        D:2 |      63 |       0 |   0.0 |      13 |       0 |   0.0
        D:3 |      98 |     333 |  77.3 |      21 |       4 |  16.0
        D:4 |      63 |       0 |   0.0 |      10 |       0 |   0.0
        D:5 |     581 |      39 |   6.3 |      14 |       2 |  12.5
            +---------+---------+-------+---------+---------+-------
